NCAA
NORTH CAROLINA STATE WOLFPACK @ BUTLER BULLDOGS
05/04/2030
 
TOP OF THE 1ST
North Carolina State Wolfpack batting - Pitching for Butler Bulldogs : RHP Bill Daniels
Pitching: RHP Bill Daniels
Batting: SHB Mark Hendree 0-0: SINGLE (Groundball, 6D)
Batting: LHB Nick Henderson 0-0: Called Strike
0-1: Ground out 3-1 (Groundball, 34S)
Mark Hendree to second
Batting: LHB Ramón Quintanilla 0-0: Called Strike
0-1: Ball
1-1: Ball
2-1: Ball
3-1: Base on Balls
Batting: RHB Ronald McMillan 0-0: Foul Ball, location: 2F
0-1: Ball
1-1: Ball
2-1: Called Strike
2-2: Ball
3-2: Ground out 6-3 (Groundball, 6S)
Mark Hendree to third
Ramón Quintanilla to second
Batting: LHB Ryan Cook 0-0: Called Strike
0-1: Foul Ball, location: 2F
0-2: Ball
1-2: Foul Ball, location: 2F
1-2: Ball
2-2: Ground out U3 (Groundball, 3)
Top of the 1st over - 0 runs, 1 hit, 0 errors, 2 left on base; North Carolina State 0 - Butler 0
BOTTOM OF THE 1ST
Butler Bulldogs batting - Pitching for North Carolina State Wolfpack : RHP Mario Pérez
Pitching: RHP Mario Pérez
Batting: LHB Alex Kelly 0-0: Fly out, F9 (Flyball, 89S)
Batting: RHB Benjamin Monroe 0-0: Called Strike
0-1: Foul Ball, location: 2F
0-2: Ball
1-2: Ball
2-2: Foul Ball, location: 2F
2-2: Foul Ball, location: 2F
2-2: Strikes out swinging
Batting: RHB Patrice Charette 0-0: Ball
1-0: Ground out 5-3 (Groundball, 5L)
Bottom of the 1st over - 0 runs, 0 hits, 0 errors, 0 left on base; North Carolina State 0 - Butler 0
TOP OF THE 2ND
North Carolina State Wolfpack batting - Pitching for Butler Bulldogs : RHP Bill Daniels
Batting: RHB Joe Davis 0-0: Called Strike
0-1: Foul Ball, location: 2F
0-2: Ball
1-2: Strikes out swinging
Batting: RHB Alex Miller 0-0: Called Strike
0-1: Foul Ball, location: 2F
0-2: Fly out, F9 (Flyball, 89M)
Batting: LHB Trent Harper 0-0: Ball
1-0: Called Strike
1-1: Ground out U3 (Groundball, 3)
Top of the 2nd over - 0 runs, 0 hits, 0 errors, 0 left on base; North Carolina State 0 - Butler 0
BOTTOM OF THE 2ND
Butler Bulldogs batting - Pitching for North Carolina State Wolfpack : RHP Mario Pérez
Batting: LHB Bill O'Higgins 0-0: Foul Ball, location: 2F
0-1: Ball
1-1: Called Strike
1-2: Fly out, F8 (Flyball, 8LM)
Batting: LHB Stephen Arnold 0-0: Swinging Strike
0-1: Swinging Strike
0-2: Ball
1-2: Ball
2-2: Strikes out swinging
Batting: RHB Bobby Coleman 0-0: Ball
1-0: Ball
2-0: Ball
3-0: Base on Balls
Batting: RHB Jorge Solís 0-0: Foul Ball, location: 2F
0-1: Ball
1-1: Ball
2-1: SINGLE (Line Drive, 89M)
Bobby Coleman to second
Batting: RHB Kenny Lowe 0-0: Swinging Strike
0-1: Ball
1-1: Ball
2-1: Foul Ball, location: 2F
2-2: Foul Ball, location: 2F
2-2: Foul Ball, location: 2F
2-2: Strikes out looking
Bottom of the 2nd over - 0 runs, 1 hit, 0 errors, 2 left on base; North Carolina State 0 - Butler 0
TOP OF THE 3RD
North Carolina State Wolfpack batting - Pitching for Butler Bulldogs : RHP Bill Daniels
Batting: LHB Garrett Roberson 0-0: Ball
1-0: Called Strike
1-1: Called Strike
1-2: SINGLE (Line Drive, 4MD)
Batting: SHB Mark Hendree 0-0: Ball
1-0: Foul Ball, location: 2F
1-1: Ball
2-1: Ball
3-1: Foul Ball, location: 2F
3-2: Base on Balls
Garrett Roberson to second
Batting: LHB Nick Henderson 0-0: Called Strike
0-1: Fly out, F7 (Flyball, 7LDF)
Batting: LHB Ramón Quintanilla 0-0: Ball
1-0: Ball
2-0: Swinging Strike
2-1: Ball
3-1: Swinging Strike
3-2: Foul Ball, location: 2F
3-2: Strikes out swinging
Batting: RHB Ronald McMillan 0-0: Ball
1-0: Foul Ball, location: 2F
1-1: Ball
2-1: Foul Ball, location: 2F
2-2: Ball
3-2: Base on Balls
Garrett Roberson to third
Mark Hendree to second
Batting: LHB Ryan Cook 0-0: Ball
1-0: Called Strike
1-1: Ball
2-1: Ball
3-1: Fielders Choice at 2nd, 6-4 (Groundball, 56)
Top of the 3rd over - 0 runs, 1 hit, 0 errors, 3 left on base; North Carolina State 0 - Butler 0
BOTTOM OF THE 3RD
Butler Bulldogs batting - Pitching for North Carolina State Wolfpack : RHP Mario Pérez
Batting: RHB Danny Giles 0-0: Ground out 5-3 (Groundball, 5)
Batting: LHB Alex Kelly 0-0: Swinging Strike
0-1: Swinging Strike
0-2: Ball
1-2: Ball
2-2: Ball
3-2: Foul Ball, location: 2F
3-2: SOLO HOME RUN (Flyball, 9LD), Distance : 342 ft
Batting: RHB Benjamin Monroe 0-0: Called Strike
0-1: Ball
1-1: Ball
2-1: Swinging Strike
2-2: Ball
3-2: Ground out 6-3 (Groundball, 6)
Batting: RHB Patrice Charette 0-0: SOLO HOME RUN (Flyball, 7D), Distance : 393 ft
Batting: LHB Bill O'Higgins 0-0: Called Strike
0-1: Ball
1-1: Foul Ball, location: 2F
1-2: Foul Ball, location: 2F
1-2: Foul Ball, location: 2F
1-2: Ball
2-2: Strikes out swinging
Bottom of the 3rd over - 2 runs, 2 hits, 0 errors, 0 left on base; North Carolina State 0 - Butler 2
TOP OF THE 4TH
North Carolina State Wolfpack batting - Pitching for Butler Bulldogs : RHP Bill Daniels
Batting: RHB Joe Davis 0-0: Foul Ball, location: 2F
0-1: Single, Error in OF, E7, batter to second base
Batting: RHB Alex Miller 0-0: Fly out, F8 (Flyball, 8RD)
Batting: LHB Trent Harper 0-0: Ball
1-0: Ball
2-0: Ground out 6-3 (Groundball, 6MS)
Joe Davis to third
Batting: LHB Garrett Roberson 0-0: Foul Ball, location: 2F
0-1: Ball
1-1: Ground out 5-3 (Groundball, 56)
Top of the 4th over - 0 runs, 1 hit, 1 error, 1 left on base; North Carolina State 0 - Butler 2
BOTTOM OF THE 4TH
Butler Bulldogs batting - Pitching for North Carolina State Wolfpack : RHP Mario Pérez
Batting: LHB Stephen Arnold 0-0: Called Strike
0-1: Called Strike
0-2: Ball
1-2: Ball
2-2: Strikes out looking
Batting: RHB Bobby Coleman 0-0: Ground out 1-3 (Groundball, 13)
Batting: RHB Jorge Solís 0-0: Ball
1-0: Ball
2-0: Called Strike
2-1: Ball
3-1: Base on Balls
Batting: RHB Kenny Lowe 0-0: Called Strike
Pickoff Throw to First - Out!
Bottom of the 4th over - 0 runs, 0 hits, 0 errors, 0 left on base; North Carolina State 0 - Butler 2
TOP OF THE 5TH
North Carolina State Wolfpack batting - Pitching for Butler Bulldogs : RHP Bill Daniels
Batting: SHB Mark Hendree 0-0: Called Strike
0-1: Swinging Strike
0-2: Ball
1-2: Ball
2-2: Ball
3-2: Strikes out looking
Batting: LHB Nick Henderson 0-0: Ball
1-0: Fly out, F5 (Line Drive, 5)
Batting: LHB Ramón Quintanilla 0-0: Called Strike
0-1: Ground out U3 (Groundball, 3)
Top of the 5th over - 0 runs, 0 hits, 0 errors, 0 left on base; North Carolina State 0 - Butler 2
BOTTOM OF THE 5TH
Butler Bulldogs batting - Pitching for North Carolina State Wolfpack : RHP Mario Pérez
Batting: RHB Kenny Lowe 0-0: Called Strike
0-1: Swinging Strike
0-2: Ball
1-2: Foul Ball, location: 2F
1-2: Ball
2-2: Foul Ball, location: 2F
2-2: Ball
3-2: Foul Ball, location: 2F
3-2: Fly out, F9 (Flyball, 9LS)
Batting: RHB Danny Giles 0-0: Called Strike
0-1: Ball
1-1: Swinging Strike
1-2: Ball
2-2: Fly out, F8 (Flyball, 8LD)
Batting: LHB Alex Kelly 0-0: Ball
1-0: Ball
2-0: Swinging Strike
2-1: Ball
3-1: Base on Balls
Pitching: RHP Shawn Shipe
Batting: RHB Benjamin Monroe 0-0: Ball
1-0: Fly out, F8 (Flyball, 8RD)
Bottom of the 5th over - 0 runs, 0 hits, 0 errors, 1 left on base; North Carolina State 0 - Butler 2
TOP OF THE 6TH
North Carolina State Wolfpack batting - Pitching for Butler Bulldogs : RHP Bill Daniels
Batting: RHB Ronald McMillan 0-0: Ball
1-0: Ball
2-0: Ball
3-0: Called Strike
3-1: Base on Balls
Pitching: RHP Clint George
Batting: LHB Ryan Cook 0-0: Ball
1-0: SINGLE (Groundball, 6S) (infield hit)
Ronald McMillan to second
Batting: RHB Joe Davis 0-0: Ball
1-0: Called Strike
1-1: Swinging Strike
1-2: Foul Ball, location: 2F
1-2: Strikes out looking
Batting: RHB Alex Miller 0-0: Ball
1-0: Ball
2-0: Foul Ball, location: 2F
2-1: 3-RUN HOME RUN (Flyball, 7D), Distance : 385 ft
Pitching: RHP William Roberts
Batting: LHB Trent Harper 0-0: Ball
1-0: Ground out 4-3 (Groundball, 4)
Batting: LHB Garrett Roberson 0-0: Called Strike
0-1: Foul Ball, location: 2F
0-2: Ball
1-2: Ball
2-2: Ball
3-2: Fly out, F6 (Line Drive, 6M)
Top of the 6th over - 3 runs, 2 hits, 0 errors, 0 left on base; North Carolina State 3 - Butler 2
BOTTOM OF THE 6TH
Butler Bulldogs batting - Pitching for North Carolina State Wolfpack : RHP Shawn Shipe
Batting: RHB Patrice Charette 0-0: Foul Ball, location: 2F
0-1: Ball
1-1: Ball
2-1: Ball
3-1: Base on Balls
Batting: LHB Bill O'Higgins 0-0: Called Strike
0-1: Swinging Strike
0-2: Strikes out swinging
Batting: LHB Stephen Arnold 0-0: Fly out, F8 (Flyball, 78D)
Batting: RHB Bobby Coleman 0-0: Called Strike
0-1: Ball
1-1: Ball
2-1: Foul Ball, location: 2F
2-2: Strikes out swinging
Bottom of the 6th over - 0 runs, 0 hits, 0 errors, 1 left on base; North Carolina State 3 - Butler 2
TOP OF THE 7TH
North Carolina State Wolfpack batting - Pitching for Butler Bulldogs : RHP William Roberts
Batting: SHB Mark Hendree 0-0: Called Strike
0-1: Called Strike
0-2: Ball
1-2: Foul Ball, location: 2F
1-2: Foul Ball, location: 2F
1-2: Strikes out swinging
Batting: LHB Nick Henderson 0-0: SOLO HOME RUN (Flyball, 89XD), Distance : 422 ft
Batting: LHB Ramón Quintanilla 0-0: Ball
1-0: Ground out U3 (Groundball, 34S)
Batting: RHB Ronald McMillan 0-0: Foul Ball, location: 2F
0-1: Foul Ball, location: 2F
0-2: Ball
1-2: Ball
2-2: Strikes out swinging
Top of the 7th over - 1 run, 1 hit, 0 errors, 0 left on base; North Carolina State 4 - Butler 2
BOTTOM OF THE 7TH
Butler Bulldogs batting - Pitching for North Carolina State Wolfpack : RHP Shawn Shipe
Batting: RHB Jorge Solís 0-0: Ball
1-0: Ball
2-0: Called Strike
2-1: Foul Ball, location: 2F
2-2: Fly out, F9 (Flyball, 89S)
Batting: RHB Kenny Lowe 0-0: Ball
1-0: Ball
2-0: Ball
3-0: Called Strike
3-1: Base on Balls
Batting: RHB Danny Giles 0-0: Ball
1-0: Ball
2-0: Foul Ball, location: 2F
2-1: Ball
3-1: Swinging Strike
3-2: Base on Balls
Kenny Lowe to second
Batting: LHB Alex Kelly 0-0: Ball
1-0: Ball
2-0: Ball
3-0: Called Strike
3-1: Foul Ball, location: 2F
3-2: Fly out, F2 (Popup, 15S)
Batting: RHB Benjamin Monroe 0-0: Foul Ball, location: 2F
0-1: Ball
1-1: Foul Ball, location: 2F
1-2: Ball
2-2: Strikes out swinging
Bottom of the 7th over - 0 runs, 0 hits, 0 errors, 2 left on base; North Carolina State 4 - Butler 2
TOP OF THE 8TH
North Carolina State Wolfpack batting - Pitching for Butler Bulldogs : RHP William Roberts
Batting: LHB Ryan Cook 0-0: Called Strike
0-1: Swinging Strike
0-2: Foul Ball, location: 2F
0-2: SINGLE (Groundball, 34D)
Batting: RHB Joe Davis 0-0: 2-RUN HOME RUN (Flyball, 78XD), Distance : 409 ft
Pitching: RHP William Valdéz
Batting: RHB Alex Miller 0-0: Ball
1-0: Swinging Strike
1-1: Ball
2-1: Swinging Strike
2-2: Foul Ball, location: 2F
2-2: Foul Ball, location: 2F
2-2: Strikes out swinging
Batting: LHB Trent Harper 0-0: Ball
1-0: Ball
2-0: Called Strike
2-1: Fly out, F9 (Flyball, 9)
Batting: LHB Garrett Roberson 0-0: Swinging Strike
0-1: Called Strike
0-2: Strikes out looking
Top of the 8th over - 2 runs, 2 hits, 0 errors, 0 left on base; North Carolina State 6 - Butler 2
BOTTOM OF THE 8TH
Butler Bulldogs batting - Pitching for North Carolina State Wolfpack : RHP Shawn Shipe
Batting: RHB Patrice Charette 0-0: Called Strike
0-1: Foul Ball, location: 2F
0-2: Foul Ball, location: 2F
0-2: Ball
1-2: Ground out 3-1 (Groundball, 34)
Batting: LHB Bill O'Higgins 0-0: Ball
1-0: Swinging Strike
1-1: Called Strike
1-2: Ball
2-2: Ball
3-2: Foul Ball, location: 2F
3-2: Fly out, F7 (Flyball, 7LSF)
Batting: LHB Stephen Arnold 0-0: Ball
1-0: SINGLE (Flyball, 8RS)
Pitching: LHP Brian Armstrong
Batting: RHB Bobby Coleman 0-0: Swinging Strike
0-1: Ball
1-1: Foul Ball, location: 2F
1-2: Ball
2-2: Strikes out swinging
Bottom of the 8th over - 0 runs, 1 hit, 0 errors, 1 left on base; North Carolina State 6 - Butler 2
TOP OF THE 9TH
North Carolina State Wolfpack batting - Pitching for Butler Bulldogs : RHP William Valdéz
Pitching: RHP Bartolo Carr
Batting: SHB Mark Hendree 0-0: Called Strike
0-1: Foul Ball, location: 2F
0-2: Strikes out swinging
Batting: LHB Nick Henderson 0-0: Ball
1-0: Ball
2-0: Called Strike
2-1: Foul Ball, location: 2F
2-2: SINGLE (Groundball, 6D)
Batting: LHB Ramón Quintanilla 0-0: Ball
1-0: Ball
Nick Henderson is caught stealing 2nd base
2-0: Ball
3-0: Base on Balls
Pitching: RHP Alden García
Batting: RHB Ronald McMillan 0-0: Called Strike
0-1: Fly out, F8 (Flyball, 8LD)
Top of the 9th over - 0 runs, 1 hit, 0 errors, 1 left on base; North Carolina State 6 - Butler 2
BOTTOM OF THE 9TH
Butler Bulldogs batting - Pitching for North Carolina State Wolfpack : LHP Brian Armstrong
Pitching: RHP Terrence Johnson
Batting: RHB Jorge Solís 0-0: Foul Ball, location: 2F
0-1: Called Strike
0-2: Ball
1-2: Ball
2-2: Ball
3-2: Foul Ball, location: 2F
3-2: Ground out 5-3 (Groundball, 56S)
Batting: RHB Kenny Lowe 0-0: Ball
1-0: Foul Ball, location: 2F
1-1: Foul Ball, location: 2F
1-2: Foul Ball, location: 2F
1-2: Strikes out swinging
Batting: RHB Danny Giles 0-0: Ball
1-0: Ball
2-0: Fly out, F6 (Popup, P)
Bottom of the 9th over - 0 runs, 0 hits, 0 errors, 0 left on base; North Carolina State 6 - Butler 2
Saturday, April 7th, 2018 - OOTP Baseball 18.8 Build 76